 Dungeon Crawl Stone Soup version 0.28.0 (webtiles) character file.

Game seed: 13213876490058315881

172 funkygono the Firebug (level 5, 0/28 HPs)
             Began as a Gargoyle Fire Elementalist on Feb 18, 2022.
             Slain by a wraith (9 damage)
             ... in an ossuary.
             The game lasted 00:06:33 (3594 turns).

funkygono the Firebug (Gargoyle Fire Elementalist)  Turns: 3594, Time: 00:06:33

Health: 0/28       AC:  8    Str: 12    XL:     5   Next: 52%
Magic:  1/10       EV: 12    Int: 17    God:
Gold:   142        SH:  0    Dex: 10    Spells: 1/11 levels left

rFire   . . .      SeeInvis .   u - +1 mace (protect)
rCold   . . .      Faith    .   (no shield)
rNeg    + . .      Spirit   .   a - +0 robe
rPois   ∞          Reflect  .   j - +1 helmet
rElec   +          Harm     .   (no cloak)
rCorr   .          Rampage  .   (no gloves)
Will    .....                   (no boots)
Stlth   ++........              (no amulet)
HPRegen 0.09/turn               (no ring)
MPRegen 0.12/turn               (no ring)

@: no status effects
A: sickness immunity, AC +4, negative energy resistance 1, electricity
resistance, torment resistance 1, petrification resistance
a: no special abilities


You were in an ossuary.
You visited 1 branch of the dungeon, and saw 4 of its levels.
You also visited: Ossuary.

You collected 142 gold pieces.

Inventory:

Hand Weapons
 d - a +0 whip
 u - a +1 mace of protection (weapon)
Missiles
 i - 101 stones
Armour
 a - a +0 robe (worn)
 j - a +1 helmet (worn)
 o - a +0 leather armour
Magical Staves
 g - a staff of earth
 s - a staff of cold
Jewellery
 m - a ring of magical power
 p - a ring of see invisible
Wands
 b - a wand of flame (26)
 n - a wand of acid (7)
Scrolls
 l - a scroll of fear {unknown}
 t - a scroll of blinking
Potions
 c - 2 potions of might
 e - a potion of brilliance
 f - a potion of berserk rage
 h - a potion of curing
 k - a potion of flight {unknown}


   Skills:
 + Level 1.6 Dodging
 - Level 2.1 Stealth
 * Level 3.5 Spellcasting
 * Level 2.9 Conjurations
 * Level 4.2 Fire Magic


You had one spell level left.
You knew the following spells:

 Your Spells              Type           Power      Damage    Failure   Level
a - Foxfire               Conj/Fire      60%        2x1d7     3%          1
b - Scorch                Fire           34%        2d6       4%          2
c - Conjure Flame         Conj/Fire      15%        6-21      12%         3
d - Flame Wave            Conj/Fire      15%        2d6       36%         4

Your spell library contained the following spells:

 Spells                   Type           Power      Damage    Failure   Level
 Sting                    Tmut/Pois      12%        1d3       17%         1
 Inner Flame              Hex/Fire       10%        N/A       21%         3
 Poisonous Vapours        Pois/Air       6%         N/A       26%         2
 Gell's Gravitas          Tloc           3%         N/A       45%         3
 Lesser Beckoning         Tloc           3%         N/A       45%         3
 Teleport Other           Tloc           3%         N/A       45%         3
 Olgreb's Toxic Radiance  Pois           3%         N/A       86%         4


Dungeon Overview and Level Annotations

Branches:
Dungeon (4/15)             Temple (0/1) D:4         Ossuary (1/1)

Altars:

Shops:
D:4 [


Innate Abilities, Weirdness & Mutations

You are immune to sickness and miasma.
Your stone body is resilient. (AC +4)
You are immune to poison.
You resist negative energy. (rN+)
You are resistant to electric shocks. (rElec)
You are resistant to unholy torment.
You are immune to petrification.


Message History

You open the door. You open the door.
A wraith comes into view.
Found a sapphire potion.
A wraith is nearby!
Casting: Foxfire (safe; 3% risk of failure)
Confirm with . or Enter, or press ? or * to list all spells.
You conjure some foxfire!
The wraith barely misses you.
Casting: Foxfire (safe; 3% risk of failure)
Confirm with . or Enter, or press ? or * to list all spells.
Flames lash the wraith but do no damage.
The foxfire hits the wraith but does no damage. x2
The wraith misses you.
Unknown command.
Casting: Scorch (safe; 4% risk of failure)
Confirm with . or Enter, or press ? or * to list all spells.
You conjure some foxfire!
The wraith closely misses you.
Casting: Foxfire (safe; 3% risk of failure)
Confirm with . or Enter, or press ? or * to list all spells.
Flames lash the wraith.
The wraith is lightly damaged.
The wraith's fire resistance burns away.
The foxfire hits the wraith but does no damage.
The wraith is lightly damaged.
The foxfire hits the wraith but does no damage.
The wraith is lightly damaged.
The wraith hits you!
Casting: Scorch (safe; 4% risk of failure)
Confirm with . or Enter, or press ? or * to list all spells.
You conjure some foxfire!
The wraith hits you!
Casting: Foxfire (safe; 3% risk of failure)
Confirm with . or Enter, or press ? or * to list all spells.
Flames lash the wraith.
The wraith is burned terribly!
The wraith is moderately damaged.
The foxfire hits the wraith.
The wraith is burned terribly!
The wraith is moderately damaged.
The foxfire hits the wraith but does no damage.
The wraith is moderately damaged.
The wraith hits you!
You die...

.......................##.....##
.......#.#.............###...##
.......#+#.......####..# ##.##
...8...# #...8....+ #..# ###
.......###.......####..# #W#
................... ...# ###
..#.#..#.#..#.#........#
..#+#..#'#..#+#..####..# .
#..#.#..# #.@W'!#
###..###..###..####..
.....................#
.....................#
######################


You could see a wraith (combustible).

Vanquished Creatures
  Ijyb (D:3)
  Robin (D:2)
  4 adders
  A howler monkey skeleton (D:2)
  An adder skeleton (D:4)
  2 worms (D:3)
  A dart slug (D:1)
  An orc (D:3)
  An endoplasm (D:4)
  5 giant cockroaches
  20 goblins
  5 hobgoblins
  2 jackals (D:1)
  2 quokkas (D:2)
  14 ball pythons
  2 bats
  A frilled lizard (D:3)
  3 goblin zombies (Ossuary)
  3 hobgoblin zombies (Ossuary)
  7 kobolds
  2 kobold zombies (Ossuary)
  2 rats (D:1)
81 creatures vanquished.

Vanquished Creatures (others)
  227 foxfires
227 creatures vanquished.

Grand Total: 308 creatures vanquished

Notes
Turn   | Place    | Note
-------+----------+-------------------------------------------
     0 | D:1      | funkygono the Gargoyle Fire Elementalist began the quest
                  | for the Orb.
     0 | D:1      | Reached XP level 1. HP: 10/10 MP: 3/3
   388 | D:1      | Reached XP level 2. HP: 15/15 MP: 1/5
   392 | D:1      | Learned a level 2 spell: Scorch
  1024 | D:1      | Reached XP level 3. HP: 16/19 MP: 0/6
  1028 | D:1      | Learned a level 3 spell: Conjure Flame
  1299 | D:2      | Reached XP level 4. HP: 24/24 MP: 4/8
  1681 | D:2      | Noticed Robin
  1687 | D:2      | Killed Robin
  2108 | D:3      | Reached skill level 4 in Fire Magic
  2214 | D:3      | Reached XP level 5. HP: 26/28 MP: 4/9
  2284 | D:3      | Noticed Ijyb
  2348 | D:3      | Killed Ijyb
  3099 | D:3      | Learned a level 4 spell: Flame Wave
  3222 | D:4      | Found a staircase to the Ecumenical Temple.
  3315 | D:4      | Found Xuikkyv's Antique Armour Shoppe.
  3378 | D:4      | Found a sand-covered staircase.
  3384 | Ossuary  | Entered an ossuary
  3384 | Ossuary  | Noticed a wraith
  3384 | Ossuary  | Noticed a wraith
  3384 | Ossuary  | Noticed a wraith
  3587 | Ossuary  | Noticed a wraith
  3594 | Ossuary  | Slain by a wraith

Illustrated notes

Levels and vault maps discovered:
D:1:      elethiomel_arrival_maze, layout_basic
D:2:      layout_rooms, uniq_robin
D:3:      layout_loops_ring, minmay_quantized, uniq_ijyb
D:4:      layout_cave_pools, minmay_temple_entry_glass, serial_shops, shop,
          nicolae_ossuary_entry_plus, gup_sewer_entry_spiral
Ossuary:  ossuary_kennysheep_city_of_the_dead

Skill      XL: |  1  2  3  4 |
---------------+-------------+-----
Conjurations   | 2 |  2.9
Spellcasting   | 3 |  3.5
Fire Magic     | 4 |  4.2
Dodging        | |  1.6
Stealth        | |  2.1

Action                   |  1- 3 |  4- 6 || total
-------------------------+-------+-------++-------
 Cast: Foxfire           |    38 |    95 ||   133
       Scorch            |     6 |     9 ||    15
  Use: Scroll            |       |     9 ||     9
Armor: Robe              |     1 |     8 ||     9
Dodge: Dodged            |    14 |    14 ||    28
